 Dungeon Crawl Stone Soup version 0.18-a0-1197-g8004e50 (webtiles) character file.

173 Shaidar413 the Ruffian (level 5, 0/53 HPs)
             Began as a Troll Berserker on Jan 30, 2016.
             Was a Priest of Trog.
             Slain by Grinder (8 damage)
             ... while paralysed by Grinder
             ... on level 3 of the Dungeon.
             The game lasted 00:18:29 (1462 turns).

Shaidar413 the Ruffian (Troll Berserker)            Turns: 1462, Time: 00:18:30

Health: 0/53       AC:  5    Str: 26    XL:     5   Next: 28%
Magic:  13/13      EV:  1    Int:  3    God:    Trog [***...]
Gold:   112        SH:  0    Dex:  9    Spells: 0 memorised, 4 levels left

rFire  . . .     SeeInvis .       - Unarmed
rCold  . . .     Gourm    +     a - +0 animal skin
rNeg   . . .     Faith    .     (no shield)
rPois  .         Spirit   .     (helmet restricted)
rElec  .         Dismiss  .     (no cloak)
rCorr  .         Reflect  .     (gloves unavailable)
SustAt .         Harm     .     (boots unavailable)
MR     .....                    (no amulet)
Stlth  +.........               (no ring)
                                q - ring of magical power

@: paralysed, not resistant to hostile enchantments, very unstealthy
A: unfitting armour, claws 3, fast metabolism 3, gourmand, regeneration 2,
shaggy fur 1, tough skin 2
a: Berserk, Trog's Hand, Burn Spellbooks, Renounce Religion


You were on level 3 of the Dungeon.
You worshipped Trog.
Trog was most pleased with you.
You were not hungry.

You visited 1 branch of the dungeon, and saw 3 of its levels.

You collected 112 gold pieces.

Inventory:

Hand Weapons
 e - a +0 club
 f - a +1 short sword of electrocution
 g - a +0 club
 i - a +0 short sword
 o - a +2 mace of protection
Missiles
 j - 18 bolts
Armour
 a - a +0 animal skin (worn)
 h - a +0 robe
 m - a +0 leather armour
 p - a +0 scale mail
 s - a +0 ring mail
Jewellery
 q - a ring of magical power (left claw)
Scrolls
 c - 3 scrolls of identify {unknown}
 d - 2 scrolls of remove curse {unknown}
 n - a scroll of random uselessness {unknown}
 u - a scroll of enchant armour {unknown}
 v - a scroll of enchant weapon {unknown}
 w - a scroll of magic mapping {unknown}
 x - a scroll of fear {unknown}
 y - a scroll of immolation {unknown}
Potions
 k - a potion of heal wounds {unknown}
 l - a potion of ambrosia {unknown}
 r - a potion of curing {unknown}
 t - a potion of cancellation {unknown}
Comestibles
 b - 3 bread rations


   Skills:
 + Level 3.2 Fighting
 + Level 3.6 Dodging
 + Level 0.2 Stealth
 + Level 4.2 Unarmed Combat


You had 4 spell levels left.
You didn't know any spells.

Dungeon Overview and Level Annotations

Branches:
Dungeon (3/15)

Altars:
Dithmenos

Annotations:
D:3 Grinder


Innate Abilities, Weirdness & Mutations

You are too large for most types of armour.
You have claws for hands.
Your metabolism is lightning-fast.
You like to eat raw meat.
You heal very quickly.
You are covered in fur (AC +1).
You have very tough skin (AC +2).


Message History

Grinder is moderately wounded.
Grinder gestures at you. Pain shoots through your body!
You closely miss Grinder.
Grinder is moderately wounded.
Grinder gestures at you.
You suddenly lose the ability to move!
Grinder hits you but does no damage. Grinder hits you.
You writhe in agony.
The adder bites you.
* * * LOW HITPOINT WARNING * * *
Grinder gestures at you. Pain shoots through your body!
* * * LOW HITPOINT WARNING * * *
The adder completely misses you. The adder barely misses you.
Grinder says, "Don't move a muscle."
Grinder gestures at you.
You shrug off the repeated paralysis!
The adder bites you but does no damage. Grinder hits you!
You die...

.)........# #......#
.†........# ##.....#
###########
#######.....#
#........#.##
##########........#.##
#.......##..........##
#
#....[..##..........#
#
#....5..####........#
######
#....@............#.#
......
#####S######...)..#.#
#####. #.# #......#>.
# #.# #......#### #.#
#......# #.# ##.#####
#.. #.# #.. #.# ... #.


You could see Grinder and an adder.

Vanquished Creatures
  An orc wizard (D:3)
  Terence (D:2)
  4 gnolls (D:3)
  3 adders
  A worm (D:2)
  4 giant geckos
  2 orcs (D:3)
  A ball python (D:2)
  2 giant cockroaches (D:2)
  3 hobgoblins
  3 jackals (D:1)
  2 quokkas
  6 bats
  2 giant newts
  6 goblins
  8 kobolds
  7 rats
56 creatures vanquished.

Notes
Turn   | Place    | Note
--------------------------------------------------------------
     0 | D:1      | Shaidar413 the Troll Berserker began the quest for the Orb.
     0 | D:1      | Reached XP level 1. HP: 22/22 MP: 0/0
   122 | D:1      | Reached XP level 2. HP: 29/29 MP: 1/1
   619 | D:2      | Reached XP level 3. HP: 33/36 MP: 2/2
   664 | D:2      | Reached ** piety under Trog
   687 | D:2      | Noticed Terence
   694 | D:2      | Killed Terence
   694 | D:2      | Reached XP level 4. HP: 44/44 MP: 3/3
  1255 | D:3      | Reached skill level 4 in Unarmed Combat
  1258 | D:3      | Reached XP level 5. HP: 47/53 MP: 4/4
  1367 | D:3      | Found a shadowy altar of Dithmenos.
  1374 | D:3      | Reached *** piety under Trog
  1444 | D:3      | Noticed Grinder
  1448 | D:3      | Paralysed by Grinder for 2 turns
  1452 | D:3      | Paralysed by Grinder for 3 turns
  1457 | D:3      | Paralysed by Grinder for 7 turns
  1462 | D:3      | Slain by Grinder

Vault maps used:
D:1:      saegor_arrival_simple_a, st_stairs_14
D:2:      uniq_terence
D:3:      lemuel_crystal_altar, first_bread, uniq_grinder

Action                   |  1- 3 |  4- 6 || total
-------------------------+-------+-------++-------
Melee: Unarmed           |    63 |    83 ||   146
 Stab: Sleeping          |       |     1 ||     1
  Eat: Bread ration      |     1 |     1 ||     2
       Chunk             |       |     2 ||     2
